AoeStats
← kkkg

Arena

505141697Analyzed
2v2 RM · 24d ago on Sep 8, 2026· 21m 56s· 4 players
Game mode
Random Map
Map size
Medium (4 player)
Population
200
Speed
Normal
Resources
Standard
Victory
Conquest
Starting age
Dark Age
Ending age
Imperial Age
RankedLock teamsTeams togetherTeam positionsShared explorationLock speedFull tech treeHidden civsTurbo modeCheats
Victory
Defeat
🇺🇸 Byzantines · United States
1147
+14
🇺🇸 Malians · United States
1102
+16
🇺🇸 Chinese · United States
1125
-15
🇨🇳 Bulgarians · China
1097
-15
JIMBO
kkkg
11:40 Feudal Age
12:55 Double-Bit Axe
13:15 Horse Collar
16:13 Castle Age
14:37 Horse Collar
17:33 Bow Saw
17:28 Heavy Plow
PTCG_Twippo
11:08 Feudal Age
14:57 Castle Age
12:58 Double-Bit Axe
16:09 Bow Saw
16:41 Wheelbarrow
21:47 Husbandry
XxX_ins1dious_XxX
5:22 Loom
13:04 Feudal Age
13:51 Horse Collar
13:59 Double-Bit Axe
16:46 Castle Age
17:57 Wheelbarrow
18:10 Heavy Plow
18:22 Bow Saw
18:16 Stone Mining
Connection lost

Rejoining the realm…

Still unreachable

The connection could not be restored.

Session expired

The server has moved on; the page needs a fresh start.